 Dungeon Crawl Stone Soup version 0.22.1-1-ga44c0e56f4 (webtiles) character file.

196 Nixze the Magician (level 5, -7/28 HPs)
             Began as a Deep Elf Fire Elementalist on Nov 5, 2018.
             Was an Initiate of Ashenzari.
             Mangled by Grinder (10 damage)
             ... on level 3 of the Dungeon.
             The game lasted 00:07:01 (2434 turns).

Nixze the Magician (Deep Elf Fire Elementalist)     Turns: 2434, Time: 00:07:02

Health: -7/28      AC:  5    Str:  5    XL:     5   Next: 45%
Magic:  8/14       EV: 13    Int: 21    God:    Ashenzari [......]
Gold:   114        SH:  3    Dex: 15    Spells: 10/14 levels left

rFire    . . .     SeeInvis +   b - +0 short sword (curse)
rCold    . . .     Gourm    .   (no shield)
rNeg     . . .     Faith    .   a - +0 robe
rPois    .         Spirit   .   m - +2 helmet {SInv}
rElec    .         Reflect  +   (no cloak)
rCorr    .         Harm     .   (no gloves)
MR       .....                  (no boots)
Stlth    ++........             n - +3 amulet of reflection (curse)
HPRegen  0.09/turn              (no ring)
MPRegen  0.14/turn              (no ring)

@: no status effects
A: no striking features
a: Curse Item, Renounce Religion


You were on level 3 of the Dungeon.
You worshipped Ashenzari.
Ashenzari was noncommittal.
You were not hungry.

You visited 1 branch of the dungeon, and saw 3 of its levels.

You collected 114 gold pieces.

Inventory:

Hand Weapons
 b - a cursed +0 short sword (weapon)
Armour
 a - a +0 robe (worn)
 m - a +2 helmet of see invisible (worn)
Jewellery
 d - an uncursed amulet of regeneration
 n - a cursed +3 amulet of reflection (around neck)
 q - an uncursed amulet of magic regeneration
Scrolls
 f - a scroll of teleportation
 g - a scroll of identify
 l - a scroll of magic mapping
 r - a scroll of blinking {unknown}
Potions
 e - a potion of heal wounds {unknown}
 h - a potion of agility {unknown}
 i - 2 potions of mutation {unknown}
 j - a potion of resistance {unknown}
 k - a potion of invisibility {unknown}
 o - a potion of berserk rage {unknown}
 p - a potion of flight {unknown}
 s - a potion of brilliance {unknown}
Comestibles
 c - 7 rations


   Skills:
 - Level 2.4 Dodging
 - Level 2.4 Stealth
 + Level 5.0 Spellcasting
 + Level 3.4 Conjurations
 + Level 4.8 Fire Magic


You had 10 spell levels left.
You knew the following spells:

 Your Spells              Type           Power        Failure   Level  Hunger
a - Flame Tongue          Conj/Fire      ###..        1%          1    None
b - Conjure Flame         Conj/Fire      ###.....     6%          3    ##.....

Your spell library contained the following spells:

 Spells                   Type           Power        Failure   Level  Hunger
 Throw Flame              Conj/Fire      ###...       3%          2    None
 Inner Flame              Hex/Fire       ###.....     12%         3    ##.....
 Sticky Flame             Conj/Fire      ###.....     21%         4    ####...
 Fireball                 Conj/Fire      ###.......   50%         5    #####..


Dungeon Overview and Level Annotations

Branches:
Dungeon (3/15)

Altars:
Ashenzari

Annotations:
D:3 Grinder


Message History

The flame tongue misses Grinder.
Grinder gestures at you.
You suddenly lose the ability to move!
You can move again.
Casting: Flame Tongue (safe; 1% risk of failure)
Confirm with . or Enter, or press ? or * to list all spells.
Aiming: Flame Tongue (safe; 1% risk of failure)
Press: ? - help, Shift-Dir - straight line, f/p - Grinder
Aim: Grinder (heavily wounded)
The flame tongue hits Grinder.
Grinder is severely wounded.
Casting: Flame Tongue (safe; 1% risk of failure)
Confirm with . or Enter, or press ? or * to list all spells.
Aiming: Flame Tongue (safe; 1% risk of failure)
Press: ? - help, Shift-Dir - straight line, f/p - Grinder
Aim: Grinder (severely wounded)
The flame tongue hits Grinder.
Grinder is almost dead.
Grinder hits you!
You die...

..... #......(....####
##### .##
.#............. ...
#.###.#######.. §? .
#.#### .. #....# #g
####.# #. #.####.##
#.#.############........
#..g§...5@.......####.##
###.############.# #.
#.# ## #. #.# .## #.
#.#### #.## #. #....#
##.# #. ####.#
#.########. #<#
.......(. #.#


You could see Grinder and a goblin.

Vanquished Creatures
  An orc priest (D:3)
  2 orc wizards (D:3)
  Robin (D:2)
  3 adders
  An ooze (D:1)
  A worm (D:2)
  A dart slug (D:1)
  A leopard gecko (D:1)
  2 orcs (D:3)
  A giant cockroach (D:1)
  17 goblins
  6 hobgoblins
  A quokka (D:2)
  A ball python (D:1)
  12 bats
  6 frilled lizards
  7 kobolds
  2 rats
66 creatures vanquished.

Notes
Turn   | Place    | Note
-------+----------+-------------------------------------------
     0 | D:1      | Nixze the Deep Elf Fire Elementalist began the quest for
                  | the Orb.
     0 | D:1      | Reached XP level 1. HP: 10/10 MP: 6/6
   486 | D:1      | Reached XP level 2. HP: 15/15 MP: 1/8
   929 | D:2      | Reached XP level 3. HP: 19/19 MP: 8/10
   930 | D:2      | Noticed Robin
   942 | D:1      | Learned a level 3 spell: Conjure Flame
  1229 | D:2      | Reached skill level 4 in Spellcasting
  1231 | D:2      | Killed Robin
  1450 | D:2      | Found a shattered altar of Ashenzari.
  1549 | D:2      | Reached XP level 4. HP: 24/24 MP: 9/12
  1677 | D:2      | Became a worshipper of Ashenzari the Shackled
  2121 | D:3      | Reached XP level 5. HP: 28/28 MP: 3/14
  2393 | D:3      | Reached skill level 5 in Spellcasting
  2420 | D:3      | Noticed Grinder
  2420 | D:3      | Paralysed by Grinder for 3 turns
  2430 | D:3      | Paralysed by Grinder for 3 turns
  2434 | D:3      | Mangled by Grinder

Skill      XL: |  1  2  3  4  5 |
---------------+----------------+-----
Conjurations   | 2 3 |  3.4
Spellcasting   | 4 5 |  5.0
Fire Magic     | 4 |  4.8
Dodging        | |  2.4
Stealth        | |  2.4

Action                   |  1- 3 |  4- 6 || total
-------------------------+-------+-------++-------
Melee: Short sword       |    12 |       ||    12
 Cast: Flame Tongue      |    71 |    46 ||   117
       Conjure Flame     |     1 |     2 ||     3
Invok: Curse Item        |       |     1 ||     1
  Use: Scroll            |       |     2 ||     2
  Eat: Chunk             |     2 |     3 ||     5
Armor: Robe              |    16 |     2 ||    18
Dodge: Dodged            |    44 |     7 ||    51
